 Dungeon Crawl Stone Soup version 0.26-a0-43-g20b394c (webtiles) character file.

Game seed: 6319020950826487675

1078 Faca the Slinger (level 8, -15/55 HPs)
             Began as a Halfling Hunter on June 3, 2020.
             Killed from afar by Maggie (19 damage)
             ... with a bolt of fire
             ... on level 6 of the Dungeon.
             The game lasted 00:09:40 (6219 turns).

Faca the Slinger (Halfling Hunter)                  Turns: 6219, Time: 00:09:41

Health: -15/55     AC:  6    Str: 15    XL:     8   Next: 54%
Magic:  8/8        EV: 12    Int:  9    God:
Gold:   227        SH:  0    Dex: 15    Spells: 7/7 levels left

rFire    . . .     SeeInvis +   a - +2 hunting sling
rCold    . . .     Gourm    .   (shield restricted)
rNeg     . . .     Faith    .   k - +0 scale mail
rPois    .         Spirit   .   (no helmet)
rElec    .         Reflect  .   (no cloak)
rCorr    .         Harm     .   (no gloves)
MR       .....                  (no boots)
Stlth    ..........             (no amulet)
HPRegen  0.18/turn              n - ring of see invisible
MPRegen  0.11/turn              (no ring)

@: mesmerised, very slightly contaminated, hasted, invisible, very quick
A: small, mutation resistance 1
a: no special abilities


You were on level 6 of the Dungeon.
You were not hungry.

You visited 2 branches of the dungeon, and saw 7 of its levels.

You collected 227 gold pieces.

Inventory:

Hand Weapons
 a - a +2 hunting sling (weapon)
 l - a +2 dagger of flaming
Missiles
 d - 46 sling bullets
 e - 50 stones (quivered)
Armour
 k - a +0 scale mail (worn)
Jewellery
 n - a ring of see invisible (left hand)
Scrolls
 g - 4 scrolls of enchant weapon
 i - 4 scrolls of teleportation
 j - 5 scrolls of remove curse
 p - a scroll of enchant armour
 r - a scroll of fog
Potions
 c - 3 potions of curing
 h - a potion of invisibility
 m - a potion of ambrosia
 o - a potion of flight {unknown}
 t - a potion of might {unknown}
Comestibles
 b - 9 chunks of flesh
 f - 7 rations


   Skills:
 + Level 5.2 Fighting
 + Level 6.3 Short Blades
 + Level 9.7 Slings
 - Level 2.1 Dodging
 - Level 1.1 Stealth


You had 7 spell levels left.
You didn't know any spells.
Your spell library contained the following spells:

 Spells                   Type           Power        Failure   Level  Hunger
 Corona                   Hex            #......      86%         1    ##.....
 Ensorcelled Hibernation  Hex/Ice        #.....       95%         2    ###....
 Confusing Touch          Hex            #.......     99%         3    ####...
 Dazzling Flash           Conj/Hex       #.....       99%         3    ####...
 Tukima's Dance           Hex            #.......     99%         3    ####...


Dungeon Overview and Level Annotations

Branches:
Dungeon (6/15)             Temple (1/1) D:6

Altars:
Ashenzari
Cheibriados
Dithmenos
Elyvilon
Fedhas
Gozag
Hepliaklqana
Nemelex Xobeh
Qazlal
Ru
Sif Muna
Trog
Uskayaw
Vehumet
Wu Jian
Xom
Yredelemnul
Zin
The Shining One

Annotations:
D:3 1 runed translucent door, slambob's ghost, amateur BaFi
D:6 Maggie


Innate Abilities, Weirdness & Mutations

You are small and have problems with some larger weapons.
You are somewhat resistant to further mutation.


Message History

Aim: Maggie, wielding a +0 glaive and wearing +0 acid dragon scales (moderately wounded, mesmerising)
You shoot a stone. The stone closely misses Maggie.
Firing (i - inventory. (/) - cycle)
e - 52 stones (quivered)
Press: ? - help, Shift-Dir - straight line, f/p - Maggie
Aim: Maggie, wielding a +0 glaive and wearing +0 acid dragon scales (moderately wounded, mesmerising)
You shoot a stone. The stone barely misses Maggie.
Maggie barely misses you.
Firing (i - inventory. (/) - cycle)
e - 51 stones (quivered)
Press: ? - help, Shift-Dir - straight line, f/p - Maggie
Aim: Maggie, wielding a +0 glaive and wearing +0 acid dragon scales (moderately wounded, mesmerising)
You shoot a stone. The stone hits Maggie.
Maggie is moderately wounded.
It was a potion of invisibility.
You fade into invisibility!
Maggie hits you from afar with a +0 glaive.
* * * LOW HITPOINT WARNING * * *
You are very lightly contaminated with residual magic.
It was a potion of haste.
You feel yourself speed up. Maggie gestures at you while chanting.
The bolt of fire hits you!!
You die...

#.# #.# #.#.
#.# #(#. #.#
####.#. #.#
.>.....
#######.###
.....
..........#
..@
#######.#.#
#.########.#.#
#.@........#.#
############.#
.# ##


You could see Maggie (mesmerising).

Vanquished Creatures
  3 phantoms (D:4)
  3 eyes of draining (D:3)
  A centaur (D:4)
  A scorpion (D:4)
  A centaur zombie (D:6)
  A hound (D:4)
  2 orc wizards (D:6)
  2 iguanas
  3 worker ants
  2 howler monkey skeletons (D:5)
  3 adders (D:2)
  A shadow imp (D:5)
  2 worms
  3 dart slugs (D:1)
  4 leopard geckos
  11 orcs
  7 bats
  3 giant cockroaches
  9 goblins
  12 hobgoblins
  5 jackals
  13 kobolds
  7 quokkas
  A ball python (D:2)
  5 frilled lizards
  A quokka zombie (D:5)
  4 rats
110 creatures vanquished.

Notes
Turn   | Place    | Note
-------+----------+-------------------------------------------
     0 | D:1      | Faca the Halfling Hunter began the quest for the Orb.
     0 | D:1      | Reached XP level 1. HP: 14/14 MP: 1/1
    72 | D:1      | Reached skill level 6 in Slings
    73 | D:1      | Reached XP level 2. HP: 8/19 MP: 2/2
   182 | D:1      | Reached skill level 1 in Short Blades
   651 | D:1      | Reached XP level 3. HP: 24/24 MP: 3/3
  1369 | D:2      | Reached XP level 4. HP: 26/30 MP: 4/4
  2419 | D:2      | Found a shattered altar of Ashenzari.
  2676 | D:3      | Found a faded altar of an unknown god.
  2704 | D:3      | Reached XP level 5. HP: 36/36 MP: 5/5
  2749 | D:3      | Found a runed translucent door.
  2754 | D:3      | Noticed slambob's ghost (amateur BaFi)
  3301 | D:3      | Reached skill level 7 in Slings
  3432 | D:3      | Noticed an eye of draining
  3433 | D:3      | Found a bloodstained altar of Trog.
  3433 | D:3      | Noticed an eye of draining
  3433 | D:3      | Noticed an eye of draining
  3461 | D:3      | Killed an eye of draining
  3461 | D:3      | Reached XP level 6. HP: 42/42 MP: 0/6
  3472 | D:3      | Killed an eye of draining
  3490 | D:3      | Killed an eye of draining
  3490 | D:3      | Reached skill level 8 in Slings
  3490 | D:3      | Reached XP level 7. HP: 47/47 MP: 0/7
  3987 | D:4      | Reached skill level 5 in Short Blades
  4319 | D:4      | Reached skill level 9 in Slings
  4319 | D:4      | Reached XP level 8. HP: 25/54 MP: 8/8
  4918 | D:5      | Entered Level 5 of the Dungeon
  4926 | D:5      | Reached skill level 5 in Fighting
  4937 | D:5      | Found a white marble altar of Elyvilon.
  5718 | D:6      | Found a staircase to the Ecumenical Temple.
  5880 | Temple   | Entered the Ecumenical Temple
  6205 | D:6      | Noticed Maggie
  6219 | D:6      | Killed from afar by Maggie

Illustrated notes

Levels and vault maps discovered:
D:1:      ncdulo_wetmaze, layout_loops_ring, chequers_serial_rivers_room_b
D:2:      layout_loops_ring, ashenzari_conservatory_becter, first_ration,
          serial_bayou_lagoon_b
D:3:      layout_basic, trog_eyes_of_draining, chequers_ecumenical_altar_grove,
          ebering_ghost_reflecting_pool, minmay_misc_feat_room
D:4:      layout_basic
D:5:      layout_gridville, elyvilon_altar_5
D:6:      layout_basic, minmay_temple_entry_stoned_glass, uniq_blork_the_orc,
          uniq_edmund, uniq_maggie
Temple:   nicolae_temple_elliptical

Skill      XL: |  1  2  3  4  5  6  7  8 |
---------------+-------------------------+-----
Fighting       | 2 3 4 5 |  5.2
Slings         | 6 7 8 9 |  9.7
Short Blades   | 1 2 3 4 5 6 |  6.3
Dodging        | |  2.1
Stealth        | |  1.1

Action                   |  1- 3 |  4- 6 |  7- 9 || total
-------------------------+-------+-------+-------++-------
Melee: Short sword       |   102 |   101 |       ||   203
       Dagger            |       |   102 |    70 ||   172
 Fire: Hunting sling     |    11 |    29 |   192 ||   232
  Use: Scroll            |     6 |     2 |     5 ||    13
       Potion            |       |       |     2 ||     2
 Stab: Sleeping          |     1 |     1 |       ||     2
  Eat: Chunk             |     1 |     7 |     9 ||    17
Armor: Leather armour    |    25 |     6 |       ||    31
       Scale mail        |       |    42 |    41 ||    83
Dodge: Dodged            |    88 |   118 |    58 ||   264

Table legend:
 A = Non-vault XP
 B = Vault XP
 C = Vault XP percentage of total XP
 D = Non-vault monster count
 E = Vault monster count
 F = Vault count percentage of total count
                 A         B        C        D         E       F
            +---------+---------+-------+---------+---------+-------
      Total |    1161 |     379 |  24.6 |     105 |       5 |   4.5
            +---------+---------+-------+---------+---------+-------
        D:1 |      60 |       0 |   0.0 |      30 |       0 |   0.0
        D:2 |      78 |       0 |   0.0 |      23 |       0 |   0.0
        D:3 |      30 |     379 |  92.7 |      16 |       5 |  23.8
        D:4 |     721 |       0 |   0.0 |      15 |       0 |   0.0
        D:5 |     132 |       0 |   0.0 |      13 |       0 |   0.0
        D:6 |     140 |       0 |   0.0 |       8 |       0 |   0.0
            +---------+---------+-------+---------+---------+-------
